 Dungeon Crawl Stone Soup version 0.31-a0-165-g3f4f80340b (webtiles) character file.

Game seed: 6369536325656269284

136075 qw the Peltast (level 17, -6/108 HPs)
             Began as a Gargoyle Fighter on June 13, 2023.
             Was a High Priest of Okawaru.
             Mangled by a culicivora (8 damage)
             ... on level 2 of the Spider Nest.
             The game lasted 00:14:39 (26049 turns).

qw the Peltast (Gargoyle Fighter)                  Turns: 26049, Time: 00:14:39

Health: -6/108     AC: 44    Str: 31    XL:     17   Next: 20%
Magic:  24/24      EV: 15    Int:  7    God:    Okawaru [*****.]
Gold:   357        SH: 21    Dex:  9    Spells: 16/16 levels left

rFire   + . .        Y - +8 broad axe (freeze)
rCold   + . .        v - +0 tower shield
rNeg    + . .        o - +3 plate armour {rPois}
rPois   inf          n - +2 hat
rElec   +            w - scarf {rC+ rF+}
rCorr   .            B - +0 pair of gloves {Str+3}
SInv    +            M - +2 pair of boots of Defence {rPois SInv Stlth+}
Will    +....        z - amulet of faith Stlth
                     D - +5 ring of evasion
HPRegen 0.38/turn    y - +4 ring of protection
MPRegen 0.19/turn

%: faith
@: about to teleport, heroic, flying, slowed, glowing, very slow
A: sickness immunity, AC +12, big wings, negative energy resistance 1,
electricity resistance, torment resistance 1, petrification resistance, talons
1, dopey 1
a: Renounce Religion, Heroism, Finesse, Duel


You were on level 2 of the Spider Nest.
You worshipped Okawaru.
Okawaru was extremely pleased with you.
You visited 6 branches of the dungeon, and saw 28 of its levels.
You also visited: Ossuary.

You collected 2555 gold pieces.
You spent 2198 gold pieces at shops.


Innate Abilities, Weirdness & Mutations

You are immune to sickness and miasma.
Your stone body is resilient. (AC +12)
You are immune to poison.
Your large and strong wings let you fly.
You resist negative energy. (rN+)
You are resistant to electric shocks. (rElec)
You are resistant to unholy torment.
You are immune to petrification.
You have sharp toenails.
You are dopey. (Int -2)


   Skills:
 - Level 13.0(18.0) Fighting
 - Level 17.0(22.0) Axes
 - Level 7.0(12.0) Throwing
 - Level 11.0(16.0) Armour
 - Level 3.1(8.1) Dodging
 + Level 17.1(22.1) Shields
 - Level 10.0 Invocations


You had 16 spell levels left.
You didn't know any spells.
Your spell library was empty.

Inventory:

Hand Weapons
 c - a +1 vampiric demon whip
 k - a +0 demon whip of venom
 E - a +0 morningstar
 J - the +5 flail of Paper {heavy, *Noise rElec Will++ rCorr}
   (You bought it in a shop on level 2 of the Orcish Mines)

   rElec:     It insulates you from electricity.
   *Noise:    It may make noises in combat.
   rCorr:     It protects you from acid and corrosion.
   Will:      It greatly increases your willpower.
 K - a +1 morningstar of draining
 Y - a +8 broad axe of freezing (weapon)
Missiles
 F - 4 javelins (quivered)
 G - 2 boomerangs of dispersal
 I - 13 boomerangs
Armour
 n - a +2 hat (worn)
 o - a +3 plate armour of poison resistance (worn)
 t - +0 acid dragon scales
 v - a +0 tower shield (worn)
 w - a scarf of resistance (worn)
 x - a +0 cloak
 B - a +0 pair of gloves of strength (worn)
 M - the +2 pair of boots of Defence (worn) {rPois SInv Stlth+}
   (You bought it in a shop on level 2 of the Orcish Mines)

   rPois:     It protects you from poison.
   SInv:      It lets you see invisible.
   Stlth:     It makes you more stealthy.
Jewellery
 f - the amulet "Fishaow" {Regen+ Dex+2}
   (You took it off a deep elf pyromancer on level 9 of the Dungeon)

   [amulet of regeneration]

   Dex:       It affects your dexterity (+2).
   Regen:     It increases your rate of health regeneration.
 h - a ring of resist corrosion
 q - a ring of protection from fire
 u - a ring of resist corrosion
 y - a +4 ring of protection (right hand)
 z - an amulet of faith (around neck)
 D - a +5 ring of evasion (left hand)
Wands
 C - a wand of digging (2)
Scrolls
 r - 4 scrolls of teleportation
 s - 9 scrolls of identify
Potions
 a - 3 potions of haste
 b - 3 potions of attraction
 d - 11 potions of might
 e - 6 potions of cancellation
 g - 10 potions of curing
 i - 5 potions of mutation
 j - 4 potions of lignification
 p - 2 potions of magic
 H - a potion of resistance

Dungeon Overview and Level Annotations

Branches:
Dungeon (15/15)            Temple (1/1) D:4            Lair (5/5) D:10
  Swamp (3/4) Lair:3       Spider (2/4) Lair:3        Slime (0/5) Lair:4
    Orc (2/2) D:11            Elf (0/3) Orc:2        Vaults (0/5) D:14
 Depths (0/4) D:15        Ossuary (visited)

Altars:
Ashenzari
Cheibriados
Dithmenos
Elyvilon
Fedhas
Gozag
Hepliaklqana
Kikubaaqudgha
Makhleb
Nemelex Xobeh
Okawaru
Qazlal
Ru
Sif Muna
Trog
Uskayaw
Vehumet
Wu Jian
Xom
Yredelemnul
Zin
The Shining One
Jiyva

Shops:
Orc:1 !   Orc:2 *(*[(

Portals:
Abyss: D:10

Annotations:
D:3 2 transporters
D:7 2 transporters, qw's ghost, novice GrFi
D:10 2 transporters, qw's ghost, novice MiHu
Spider:2 Arachne


Message History

The demonic crawler hits you but does no damage.
The demonic crawler closely misses you. The redback barely misses you.
Arachne hits you but does no damage. The demonic crawler barely misses you.
The demonic crawler hits you but does no damage.
The demonic crawler hits you.
The demonic crawler moves out of view.
26048 ||| READING 5 scrolls of teleportation.
As you read the scroll of teleportation, it crumbles to dust.
You feel strangely unstable. The culicivora misses you.
The redback bites you but does no damage.
A demonic crawler comes into view.
The demonic crawler hits you but does no damage. x3
Arachne barely misses you.
The demonic crawler hits you but does no damage.
The demonic crawler completely misses you.
The demonic crawler hits you but does no damage.
The culicivora bites you. The redback bites you. The demonic crawler hits you.
The demonic crawler misses you.
The demonic crawler hits you but does no damage.
The demonic crawler barely misses you.
The demonic crawler completely misses you.
The demonic crawler hits you but does no damage.
The sun moth barely misses you. Arachne hits you but does no damage.
The demonic crawler hits you but does no damage. x2
The demonic crawler hits you.
The culicivora bites you but does no damage.
The redback barely misses you.
You disentangle yourself.
The demonic crawler gives a hideous shriek!
Arachne hits you but does no damage. You block the demonic crawler's attack.
The demonic crawler hits you but does no damage.
You block the demonic crawler's attack.
The demonic crawler completely misses you.
The demonic crawler barely misses you.
The demonic crawler hits you but does no damage.
The demonic crawler barely misses you.
The demonic crawler hits you but does no damage. x2
The sun moth bites you but does no damage.
The culicivora bites you!
You die...

...... #
##..^...
#.>...#.
.....^####
#....#...#
#...$....#
####yH.....#
#~~ss@s#.#.#
##~#.sss....#
~~.....w.....#
~~~..........#
#~~~~.#......#
###~w~...#..##
#s~~#.....^#
~s~~~.......#
)#~~ ..^..#.#


You could see Arachne (resistant), a sun moth, 2 torpor snails, 6 demonic
crawlers, a culicivora and a redback.

Vanquished Creatures
  Nikola (Swamp:3)
  Jorgrun (Swamp:1)
  An emperor scorpion (Spider:1)
  An orc warlord (Orc:2)
  2 eleionomae
  2 bunyips
  Snorg (Lair:3)
  2 shambling mangroves
  Harold (D:10)
  2 ice dragons (D:15)
  7 hydras
  A radroach (Spider:1)
  4 centaur warriors
  2 death knights
  A merfolk avatar (Lair:5)
  A ghost crab (Swamp:3)
  12 two-headed ogres
  6 boulder beetles
  5 alligators
  8 death yaks
  5 tengu warriors
  3 demonic crawlers
  Urug (D:13)
  Sonja (D:10)
  Nergalle (Lair:3)
  10 skysharks
  A fire crab (Lair:1)
  Amaemon (Lair:3)
  7 skeletal warriors
  5 goliath frogs
  A sea snake (Lair:5)
  A steelbarb worm (Spider:1)
  3 bog bodies (Swamp:1)
  8 slime creatures
  A wizard (D:14)
  2 swamp dragons
  Pikel (D:6)
  A necromancer (D:14)
  3 deep elf pyromancers
  2 orc knights (Orc:2)
  4 wolf spiders
  An orc sorcerer (Orc:2)
  5 ugly things
  An oklob plant (Lair:3)
  2 cyclopes
  9 elephants
  4 manticores
  3 will-o-the-wisps
  2 ice statues (Swamp:3)
  8 black mambas
  2 torpor snails
  An orange demon (Lair:3)
  11 cane toads
  3 unseen horrors
  14 komodo dragons
  5 gargoyles
  A kobold demonologist (D:12)
  5 freezing wraiths
  2 rime drakes
  An efreet (D:14)
  5 polar bears
  A bloated husk (Swamp:2)
  7 hornets
  A tyrant leech (Swamp:2)
  15 trolls
  22 blink frogs
  2 wind drakes (Lair:5)
  4 tarantellas
  18 dream sheep
  A centaur simulacrum (D:15)
  3 spriggans
  6 shadows
  Sigmund (D:5)
  A human (D:10)
  3 vampires
  5 wyverns
  4 hogs (D:10)
  5 wraiths
  60 yaks
  5 basilisks
  3 steam dragons
  5 redbacks
  9 vampire mosquitoes
  Eustachio (D:5)
  Edmund (D:5)
  14 swamp worms
  2 acid dragons
  12 water moccasins
  3 floating eyes (D:12)
  29 orc warriors
  2 black bears
  A centaur (D:9)
  10 ogres
  24 wolves
  2 kobold brigands (D:9)
  4 lemures (D:6)
  3 phantoms
  9 bullfrogs
  2 scorpions
  12 killer bees
  A troll zombie (D:11)
  2 electric eels
  9 howler monkeys
  6 hounds
  A gnoll bouda (D:4)
  21 orc priests
  2 jellies
  5 sleepcaps
  Jessica (D:2)
  6 iguanas
  Ijyb (D:3)
  25 orc wizards
  5 ogre zombies (D:11)
  8 gnolls
  3 adders
  2 shadow imps (D:7)
  2 white imps (D:6)
  A worm (D:2)
  82 orcs
  2 bats
  5 endoplasms
  A giant cockroach (D:4)
  3 hobgoblins
  12 jackals
  2 quokkas
  5 ball pythons
  2 frilled lizards
  6 goblins
  A goblin skeleton (D:11)
  A goblin zombie (D:11)
  8 hobgoblin zombies
  6 kobolds
  9 kobold zombies (Ossuary)
  2 orc skeletons (D:11)
  17 orc zombies
  A butterfly (Lair:1)
786 creatures vanquished.

Vanquished Creatures (others)
  2 hydras
  3 bloated husks (Swamp:1)
  A swamp worm (Swamp:1)
  An orc warrior (Orc:2)
  An orc (Orc:2)
  28 foxfires
36 creatures vanquished.

Grand Total: 822 creatures vanquished

Notes
Turn   | Place    | Note
-------+----------+-------------------------------------------
     0 | D:1      | qw the Gargoyle Fighter began the quest for the Orb.
     0 | D:1      | Reached XP level 1. HP: 14/14 MP: 1/1
     0 | D:1      | 0 ||| qw: Version: 0.2-a-29-gc1b59c4
     0 | D:1      | 0 ||| qw: Game counter: 4765
     0 | D:1      | 0 ||| qw: Always use a shield: true
     0 | D:1      | 0 ||| qw: God list: Okawaru
     0 | D:1      | 0 ||| qw: Allow faded altars: false
     0 | D:1      | 0 ||| qw: Do Orc after D:15 true
     0 | D:1      | 0 ||| qw: Do second Lair branch before Depths: true
     0 | D:1      | 0 ||| qw: Lair rune preference: random
     0 | D:1      | 0 ||| qw: Plans: Normal, Zot:1-4, Slime:5, God:TSO, Crypt,
                  | Tomb, Abyss, Pan, Hells, Win
     0 | D:1      | 0 ||| PLANNING D:1-11
   681 | D:1      | Reached XP level 2. HP: 19/19 MP: 2/2
  1098 | D:1      | 1098 ||| READING scroll labelled BIDAATHRINA.
  1099 | D:1      | 1099 ||| READING scroll labelled LAUMAB ODIK.
  1102 | D:1      | 1102 ||| READING scroll labelled ESAGUSODYO.
  1103 | D:1      | 1103 ||| READING scroll labelled WURGHI SIJISEE.
  1167 | D:2      | 1167 ||| Stepping ~*~*~tactically~*~*~ (stealth).
  1239 | D:2      | Reached skill level 3 in Axes
  1241 | D:2      | Reached XP level 3. HP: 23/23 MP: 3/3
  1362 | D:2      | Noticed Jessica
  1371 | D:2      | Killed Jessica
  1372 | D:2      | Reached XP level 4. HP: 14/28 MP: 4/4
  1594 | D:2      | 1594 ||| DROPPING +0 club.
  1861 | D:2      | 1861 ||| DROPPING orb of light.
  1862 | D:2      | 1862 ||| READING scroll labelled OGEPRUS YPEASU.
  1863 | D:2      | 1863 ||| DRINKING 2 fuming brown potions.
  1941 | D:3      | 1941 ||| Stepping ~*~*~tactically~*~*~ (stealth).
  2021 | D:3      | Found a transporter.
  2192 | D:3      | HP: 2/28 [sleepcap (6)]
  2193 | D:3      | 2193 ||| READING scroll of teleportation.
  2195 | D:3      | Reached XP level 5. HP: 1/32 MP: 5/5
  2322 | D:3      | Found a transporter.
  2339 | D:3      | Noticed Ijyb
  2340 | D:3      | 2340 ||| FLEEEEING.
  2347 | D:3      | 2347 ||| FLEEEEING.
  2348 | D:3      | 2348 ||| FLEEEEING.
  2349 | D:3      | 2349 ||| FLEEEEING.
  2350 | D:3      | 2350 ||| FLEEEEING.
  2360 | D:3      | Killed Ijyb
  2421 | D:3      | 2421 ||| FLEEEEING.
  2449 | D:3      | 2449 ||| Stepping ~*~*~tactically~*~*~ (stealth).
  2457 | D:3      | 2457 ||| Stepping ~*~*~tactically~*~*~ (hiding).
  2573 | D:3      | 2573 ||| Stepping ~*~*~tactically~*~*~ (stealth).
  2592 | D:3      | 2592 ||| Stepping ~*~*~tactically~*~*~ (hiding).
  2593 | D:3      | 2593 ||| Stepping ~*~*~tactically~*~*~ (hiding).
  2594 | D:3      | 2594 ||| Stepping ~*~*~tactically~*~*~ (hiding).
  2920 | D:3      | 2920 ||| Stepping ~*~*~tactically~*~*~ (stealth).
  2925 | D:3      | 2925 ||| Stepping ~*~*~tactically~*~*~ (stealth).
  2929 | D:3      | Reached XP level 6. HP: 38/38 MP: 6/6
  2929 | D:3      | 2929 ||| Stepping ~*~*~tactically~*~*~ (stealth).
  2940 | D:3      | Reached skill level 1 in Dodging
  2941 | D:3      | HP: 1/38 [gnoll/+0 halberd (12)]
  2942 | D:3      | 2942 ||| READING scroll of teleportation.
  3017 | D:3      | 3017 ||| FLEEEEING.
  3025 | D:3      | 3025 ||| STAIRDANCE
  3083 | D:2      | 3083 ||| UPGRADING to +0 chain mail.
  3093 | D:2      | 3093 ||| DROPPING +0 scale mail.
  3094 | D:2      | 3094 ||| UPGRADING to +0 pair of boots.
  3099 | D:2      | 3099 ||| UPGRADING to +2 hat.
  3104 | D:2      | 3104 ||| READING scroll labelled JERYOPIUM.
  3172 | D:3      | 3172 ||| DROPPING +0 whip.
  3310 | D:3      | 3310 ||| Stepping ~*~*~tactically~*~*~ (stealth).
  3313 | D:3      | 3313 ||| Stepping ~*~*~tactically~*~*~ (stealth).
  3405 | D:4      | Found a staircase to the Ecumenical Temple.
  3406 | D:4      | 3406 ||| PLANNING TEMPLE
  3414 | Temple   | Entered the Ecumenical Temple
  3447 | Temple   | 3447 ||| PLANNING D:1-11
  3478 | D:4      | 3478 ||| Stepping ~*~*~tactically~*~*~ (stealth).
  3480 | D:4      | 3480 ||| Stepping ~*~*~tactically~*~*~ (hiding).
  3484 | D:4      | 3484 ||| FLEEEEING.
  3558 | D:4      | 3558 ||| Stepping ~*~*~tactically~*~*~ (stealth).
  3572 | D:4      | Reached skill level 6 in Axes
  3572 | D:4      | Reached XP level 7. HP: 16/43 MP: 7/7
  3605 | D:4      | 3605 ||| Stepping ~*~*~tactically~*~*~ (stealth).
  3679 | D:4      | 3679 ||| READING scroll of enchant weapon.
  3679 | D:4      | 3679 ||| ENCHANTING +1 war axe.
  3819 | D:4      | 3819 ||| Stepping ~*~*~tactically~*~*~ (stealth).
  4533 | D:4      | 4533 ||| UPGRADING to amulet of the acrobat.
  4572 | D:5      | Entered Level 5 of the Dungeon
  4584 | D:5      | Noticed Eustachio
  4633 | D:5      | Killed Eustachio
  4634 | D:5      | Reached XP level 8. HP: 47/49 MP: 8/8
  4727 | D:5      | Noticed Edmund
  4728 | D:5      | 4728 ||| Stepping ~*~*~tactically~*~*~ (stealth).
  4730 | D:5      | 4730 ||| Stepping ~*~*~tactically~*~*~ (stealth).
  4741 | D:5      | Killed Edmund
  4830 | D:5      | 4830 ||| DROPPING +0 flail.
  4839 | D:5      | 4839 ||| READING scroll of enchant weapon.
  4839 | D:5      | 4839 ||| ENCHANTING +2 war axe.
  4900 | D:5      | 4900 ||| Stepping ~*~*~tactically~*~*~ (stealth).
  4908 | D:5      | 4908 ||| Stepping ~*~*~tactically~*~*~ (hiding).
  4951 | D:5      | You fall into a shaft and drop 2 floors!
  4952 | D:7      | 4952 ||| PLANNING OSSUARY
  4955 | D:7      | 4955 ||| Stepping ~*~*~tactically~*~*~ (hiding).
  4973 | D:7      | 4973 ||| Stepping ~*~*~tactically~*~*~ (hiding).
  4975 | D:7      | 4975 ||| Stepping ~*~*~tactically~*~*~ (hiding).
  4977 | D:7      | 4977 ||| Stepping ~*~*~tactically~*~*~ (hiding).
  4978 | D:7      | 4978 ||| Stepping ~*~*~tactically~*~*~ (hiding).
  5093 | D:7      | Found a transporter.
  5093 | D:7      | Noticed qw's ghost (novice GrFi)
  5094 | D:7      | Noticed a queen bee
  5095 | D:7      | Found a transporter.
  5185 | D:7      | 5185 ||| Stepping ~*~*~tactically~*~*~ (stealth).
  5200 | D:7      | Reached skill level 1 in Throwing
  5208 | D:7      | Found a sand-covered staircase.
  5209 | D:7      | 5209 ||| UPGRADING to +1 plate armour of poison resistance.
  5219 | D:7      | 5219 ||| DROPPING +0 chain mail.
  5220 | D:7      | 5220 ||| READING scroll labelled LIADYO RIRA.
  5221 | D:7      | 5221 ||| READING scroll labelled FEF TA ISTRAMI.
  5222 | D:7      | 5222 ||| READING scroll labelled ZADAESHREKHLENN.
  5228 | Ossuary  | Entered an ossuary
  5235 | Ossuary  | 5235 ||| Stepping ~*~*~tactically~*~*~ (stealth).
  5393 | D:7      | 5393 ||| PLANNING D:1-11
  5445 | D:6      | Reached skill level 6 in Fighting
  5508 | D:6      | 5508 ||| DRINKING 2 fuming purple potions.
  5509 | D:6      | 5509 ||| READING 2 scrolls of identify.
  5509 | D:6      | 5509 ||| IDENTIFYING golden potion
  5691 | D:5      | 5691 ||| Stepping ~*~*~tactically~*~*~ (hiding).
  5821 | D:5      | Noticed Sigmund
  5847 | D:5      | Killed Sigmund
  5848 | D:5      | Reached XP level 9. HP: 35/55 MP: 9/9
  6115 | D:5      | 6115 ||| READING scroll of enchant armour.
  6115 | D:5      | 6115 ||| ENCHANTING +0 pair of boots.
  6184 | D:5      | 6184 ||| READING scroll labelled SAGEASH BORU.
  6341 | D:6      | Noticed Pikel
  6342 | D:6      | 6342 ||| Stepping ~*~*~tactically~*~*~ (stealth).
  6378 | D:6      | Killed Pikel
  6379 | D:6      | Reached skill level 9 in Axes
  6937 | D:6      | 6937 ||| Stepping ~*~*~tactically~*~*~ (stealth).
  7330 | D:6      | Reached skill level 6 in Armour
  7394 | D:6      | 7394 ||| READING scroll of enchant weapon.
  7394 | D:6      | 7394 ||| ENCHANTING +3 war axe.
  7554 | D:6      | 7554 ||| UPGRADING to +0 tower shield.
  7564 | D:6      | 7564 ||| DROPPING +0 buckler.
  7565 | D:6      | 7565 ||| READING scroll labelled XYIRAC JASKATYA.
  7565 | D:6      | Identified a scroll of acquirement
  7565 | D:6      | 7565 ||| ACQUIRING +4 broad axe of venom
  7565 | D:6      | Acquired a +4 broad axe of venom
  7567 | D:6      | 7567 ||| SWAPPING to +4 broad axe of venom.
  7568 | D:6      | 7568 ||| DROPPING +4 war axe.
  7569 | D:6      | 7569 ||| DRINKING 2 glowing silvery potions.
  7570 | D:6      | 7570 ||| READING 2 scrolls of identify.
  7570 | D:6      | 7570 ||| IDENTIFYING lumpy black potion
  7698 | D:7      | 7698 ||| Stepping ~*~*~tactically~*~*~ (stealth).
  7707 | D:7      | 7707 ||| Stepping ~*~*~tactically~*~*~ (stealth).
  7708 | D:7      | 7708 ||| Stepping ~*~*~tactically~*~*~ (stealth).
  7710 | D:7      | 7710 ||| Stepping ~*~*~tactically~*~*~ (stealth).
  7796 | D:7      | 7796 ||| READING 2 scrolls of identify.
  7796 | D:7      | 7796 ||| IDENTIFYING red potion
  7797 | D:7      | 7797 ||| DROPPING potion of invisibility.
  7856 | D:8      | 7856 ||| Stepping ~*~*~tactically~*~*~ (stealth).
  7861 | D:8      | 7861 ||| Stepping ~*~*~tactically~*~*~ (stealth).
  8010 | D:8      | Reached skill level 6 in Shields
  8010 | D:8      | Reached XP level 10. HP: 63/63 MP: 10/10
  8384 | D:8      | 8384 ||| Stepping ~*~*~tactically~*~*~ (stealth).
  8398 | D:8      | 8398 ||| Stepping ~*~*~tactically~*~*~ (stealth).
  8407 | D:8      | 8407 ||| Stepping ~*~*~tactically~*~*~ (stealth).
  8683 | D:8      | 8683 ||| DROPPING ring of flight.
  8684 | D:8      | 8684 ||| DROPPING +6 ring of intelligence.
  8685 | D:8      | 8685 ||| READING scroll labelled OVYWOA UWOZOOL.
  8686 | D:8      | 8686 ||| DRINKING 2 smoky purple potions.
  8687 | D:8      | 8687 ||| DRINKING 2 yellow potions.
  8688 | D:8      | 8688 ||| DROPPING potion of brilliance.
  8689 | D:8      | 8689 ||| DROPPING potion of enlightenment.
  8874 | D:9      | Identified the +11 rapier of the Gloaming {flame, Fly
                  | rElec}
  8905 | D:9      | Reached skill level 9 in Shields
  9272 | D:9      | Noticed a two-headed ogre
  9273 | D:9      | 9273 ||| Stepping ~*~*~tactically~*~*~ (stealth).
  9283 | D:9      | Killed a two-headed ogre
  9351 | D:9      | Reached XP level 11. HP: 55/67 MP: 11/11
  9447 | D:9      | Noticed a manticore
  9448 | D:9      | 9448 ||| Stepping ~*~*~tactically~*~*~ (stealth).
  9450 | D:9      | 9450 ||| Stepping ~*~*~tactically~*~*~ (hiding).
  9455 | D:9      | Noticed a centaur warrior
  9457 | D:9      | Noticed a deep elf pyromancer
  9458 | D:9      | Killed a manticore
  9459 | D:9      | Reached skill level 12 in Shields
  9462 | D:9      | HP: 13/67 [freezing wraith (20)]
  9463 | D:9      | 9463 ||| READING 5 scrolls of teleportation.
  9464 | D:9      | 9464 ||| DRINKING potion of heal wounds.
  9668 | D:9      | Found a blossoming altar of Fedhas.
  9668 | D:9      | Found an iron altar of Okawaru.
  9669 | D:9      | 9669 ||| PLANNING OKAWARU WORSHIP
  9669 | D:9      | 9669 ||| DRINKING 2 inky potions.
  9669 | D:9      | Gained mutation: You are dopey. (Int -2) [potion of
                  | mutation]
  9669 | D:9      | Gained mutation: You have sharp toenails. [potion of
                  | mutation]
  9670 | D:9      | Found a shimmering altar of Xom.
  9677 | D:9      | Became a worshipper of Warmaster Okawaru
  9677 | D:9      | 9677 ||| PLANNING D:1-11
  9770 | D:9      | Noticed a two-headed ogre
  9771 | D:9      | 9771 ||| Stepping ~*~*~tactically~*~*~ (stealth).
  9774 | D:9      | 9774 ||| Stepping ~*~*~tactically~*~*~ (stealth).
  9779 | D:9      | Killed a two-headed ogre
  9800 | D:9      | HP: 12/67 [basilisk (10)]
  9801 | D:9      | 9801 ||| READING 4 scrolls of teleportation.
 10024 | D:9      | Identified the amulet "Fishaow" {Regen+ Dex+2}
 10025 | D:9      | 10025 ||| Stepping ~*~*~tactically~*~*~ (stealth).
 10026 | D:9      | 10026 ||| Stepping ~*~*~tactically~*~*~ (hiding).
 10034 | D:9      | Killed a deep elf pyromancer
 10034 | D:9      | Reached * piety under Okawaru
 10039 | D:9      | 10039 ||| Stepping ~*~*~tactically~*~*~ (stealth).
 10089 | D:9      | 10089 ||| INVOKING Heroism.
 10090 | D:9      | 10090 ||| INVOKING Heroism.
 10091 | D:9      | Killed a centaur warrior
 10207 | D:9      | Identified the +6 orcbow "Guxtubas" {freeze, Str+5}
 10231 | D:9      | 10231 ||| UPGRADING to +2 pair of gloves of hurling.
 10236 | D:9      | 10236 ||| UPGRADING to amulet "Fishaow" {Regen+ Dex+2}.
 10246 | D:9      | 10246 ||| DROPPING amulet of the acrobat.
 10301 | D:10     | Entered Level 10 of the Dungeon
 10327 | D:10     | Noticed a two-headed ogre
 10328 | D:10     | 10328 ||| INVOKING Heroism.
 10337 | D:10     | Killed a two-headed ogre
 10338 | D:10     | Reached skill level 3 in Invocations
 10413 | D:10     | 10413 ||| Stepping ~*~*~tactically~*~*~ (stealth).
 10424 | D:10     | Reached ** piety under Okawaru
 10491 | D:10     | Noticed a two-headed ogre
 10492 | D:10     | 10492 ||| INVOKING Heroism.
 10493 | D:10     | Noticed a centaur warrior
 10496 | D:10     | Killed a two-headed ogre
 10497 | D:10     | 10497 ||| Stepping ~*~*~tactically~*~*~ (hiding).
 10502 | D:10     | Killed a centaur warrior
 10521 | D:10     | Found a transporter.
 10532 | D:10     | Found a one-way gate to the infinite horrors of the Abyss.
 10532 | D:10     | Noticed qw's ghost (novice MiHu)
 10540 | D:10     | 10540 ||| Stepping ~*~*~tactically~*~*~ (hiding).
 10543 | D:10     | Noticed Sonja
 10554 | D:10     | Killed Sonja
 10554 | D:10     | Reached *** piety under Okawaru
 10570 | D:10     | Noticed a wizard
 10573 | D:10     | Noticed a rakshasa
 10586 | D:10     | Found a transporter.
 10630 | D:10     | 10630 ||| Stepping ~*~*~tactically~*~*~ (stealth).
 10642 | D:10     | Noticed Harold
 10643 | D:10     | 10643 ||| Stepping ~*~*~tactically~*~*~ (stealth).
 10645 | D:10     | 10645 ||| Stepping ~*~*~tactically~*~*~ (hiding).
 10649 | D:10     | 10649 ||| INVOKING Heroism.
 10657 | D:10     | Killed Harold
 10658 | D:10     | Reached XP level 12. HP: 68/74 MP: 13/15
 10834 | D:10     | Found a staircase to the Lair.
 10901 | D:10     | 10901 ||| PLANNING LAIR
 10901 | D:10     | 10901 ||| READING scroll labelled JUINAUTHREN.
 10902 | D:10     | 10902 ||| READING 2 scrolls of identify.
 10902 | D:10     | 10902 ||| IDENTIFYING silvery potion
 10940 | Lair:1   | Entered Level 1 of the Lair of Beasts
 10969 | Lair:1   | 10969 ||| INVOKING Heroism.
 10981 | Lair:1   | 10981 ||| FLEEEEING.
 11058 | Lair:1   | 11058 ||| FLEEEEING.
 11059 | Lair:1   | 11059 ||| FLEEEEING.
 11066 | Lair:1   | 11066 ||| Stepping ~*~*~tactically~*~*~ (stealth).
 11078 | Lair:1   | Reached **** piety under Okawaru
 11114 | Lair:1   | 11114 ||| INVOKING Heroism.
 11136 | Lair:1   | 11136 ||| Stepping ~*~*~tactically~*~*~ (stealth).
 11162 | Lair:1   | Noticed a skyshark
 11173 | Lair:1   | Killed a skyshark
 11233 | Lair:1   | 11233 ||| Stepping ~*~*~tactically~*~*~ (stealth).
 11289 | Lair:1   | 11289 ||| INVOKING Heroism.
 11302 | Lair:1   | 11302 ||| INVOKING Heroism.
 11320 | Lair:1   | 11320 ||| READING scroll of enchant armour.
 11320 | Lair:1   | 11320 ||| ENCHANTING +1 pair of boots.
 11328 | Lair:1   | 11328 ||| INVOKING Heroism.
 11369 | Lair:1   | Received a gift from Okawaru
 11478 | Lair:1   | 11478 ||| INVOKING Heroism.
 11497 | Lair:1   | 11497 ||| Stepping ~*~*~tactically~*~*~ (stealth).
 11506 | Lair:1   | Reached skill level 9 in Fighting
 11511 | Lair:1   | 11511 ||| INVOKING Heroism.
 11649 | Lair:1   | 11649 ||| INVOKING Heroism.
 11740 | Lair:1   | 11740 ||| INVOKING Heroism.
 11771 | Lair:1   | 11771 ||| READING scroll of enchant weapon.
 11771 | Lair:1   | 11771 ||| ENCHANTING +4 broad axe of venom.
 11831 | Lair:1   | Received a gift from Okawaru
 12011 | Lair:1   | 12011 ||| INVOKING Heroism.
 12027 | Lair:1   | 12027 ||| INVOKING Heroism.
 12158 | Lair:1   | Noticed a skyshark
 12167 | Lair:1   | Killed a skyshark
 12171 | Lair:1   | 12171 ||| DROPPING +0 pair of boots of rampaging.
 12175 | Lair:1   | 12175 ||| Stepping ~*~*~tactically~*~*~ (cloud).
 12182 | Lair:1   | Reached XP level 13. HP: 57/80 MP: 17/17
 12183 | Lair:1   | 12183 ||| Stepping ~*~*~tactically~*~*~ (cloud).
 12265 | Lair:1   | 12265 ||| INVOKING Heroism.
 12266 | Lair:1   | 12266 ||| SWAPPING to +1 vampiric demon whip.
 12274 | Lair:1   | Reached skill level 12 in Axes
 12274 | Lair:1   | Reached skill level 6 in Invocations
 12274 | Lair:1   | 12274 ||| SWAPPING to +5 broad axe of venom.
 12334 | Lair:1   | 12334 ||| UPGRADING to ring of resist corrosion.
 12335 | Lair:1   | 12335 ||| UPGRADING to ring of willpower.
 12336 | Lair:1   | 12336 ||| UPGRADING to +5 ring of evasion.
 12338 | Lair:1   | 12338 ||| READING scroll labelled ELLYT XIXAS.
 12339 | Lair:1   | 12339 ||| READING scroll labelled MYHUSOG QUIWK.
 12340 | Lair:1   | 12340 ||| READING 3 scrolls labelled NIGASUXZAK.
 12341 | Lair:1   | 12341 ||| READING 4 scrolls of identify.
 12341 | Lair:1   | 12341 ||| IDENTIFYING emerald potion
 12342 | Lair:1   | 12342 ||| READING 3 scrolls of identify.
 12342 | Lair:1   | 12342 ||| IDENTIFYING cyan potion
 12343 | Lair:1   | 12343 ||| READING 2 scrolls of identify.
 12343 | Lair:1   | 12343 ||| IDENTIFYING viscous green potion
 12344 | Lair:1   | 12344 ||| DROPPING potion of berserk rage.
 12345 | Lair:1   | 12345 ||| DROPPING potion of degeneration.
 12346 | Lair:1   | 12346 ||| DROPPING 2 scrolls of noise.
 12478 | Lair:2   | 12478 ||| Stepping ~*~*~tactically~*~*~ (stealth).
 12482 | Lair:2   | 12482 ||| Stepping ~*~*~tactically~*~*~ (stealth).
 12487 | Lair:2   | 12487 ||| INVOKING Heroism.
 12529 | Lair:2   | 12529 ||| INVOKING Heroism.
 12573 | Lair:2   | Reached ***** piety under Okawaru
 12761 | Lair:2   | 12761 ||| Stepping ~*~*~tactically~*~*~ (stealth).
 12854 | Lair:2   | 12854 ||| Stepping ~*~*~tactically~*~*~ (hiding).
 12856 | Lair:2   | 12856 ||| Stepping ~*~*~tactically~*~*~ (hiding).
 13048 | Lair:2   | 13048 ||| INVOKING Heroism.
 13245 | Lair:3   | Noticed Amaemon
 13246 | Lair:3   | 13246 ||| INVOKING Heroism.
 13258 | Lair:3   | Killed Amaemon
 13261 | Lair:3   | Received a gift from Okawaru
 13291 | Lair:3   | 13291 ||| READING scroll of enchant armour.
 13291 | Lair:3   | 13291 ||| ENCHANTING +1 plate armour of poison resistance.
 13317 | Lair:3   | Noticed Nergalle
 13318 | Lair:3   | Reached skill level 9 in Armour
 13318 | Lair:3   | 13318 ||| INVOKING Heroism.
 13339 | Lair:3   | Killed Nergalle
 13424 | Lair:3   | Noticed Snorg
 13425 | Lair:3   | 13425 ||| INVOKING Heroism.
 13426 | Lair:3   | 13426 ||| INVOKING Finesse.
 13435 | Lair:3   | Reached skill level 9 in Invocations
 13444 | Lair:3   | Killed Snorg
 13554 | Lair:3   | 13554 ||| READING scroll of enchant armour.
 13554 | Lair:3   | 13554 ||| ENCHANTING +2 plate armour of poison resistance.
 13658 | Lair:3   | 13658 ||| INVOKING Heroism.
 13659 | Lair:3   | 13659 ||| INVOKING Finesse.
 13669 | Lair:3   | Received a gift from Okawaru
 13683 | Lair:3   | Gained mutation: Your large and strong wings let you fly.
                  | [Gargoyle growth]
 13683 | Lair:3   | Reached XP level 14. HP: 45/88 MP: 15/21
 13725 | Lair:3   | Found a staircase to the Swamp.
 13728 | Lair:3   | 13728 ||| INVOKING Heroism.
 13801 | Lair:3   | 13801 ||| INVOKING Heroism.
 13802 | Lair:3   | 13802 ||| INVOKING Finesse.
 13934 | Lair:3   | 13934 ||| INVOKING Heroism.
 13935 | Lair:3   | 13935 ||| INVOKING Finesse.
 14058 | Lair:3   | 14058 ||| INVOKING Heroism.
 14071 | Lair:3   | Found a hole to the Spider Nest.
 14248 | Lair:3   | 14248 ||| UPGRADING to scarf of resistance.
 14324 | Lair:4   | 14324 ||| Stepping ~*~*~tactically~*~*~ (stealth).
 14325 | Lair:4   | 14325 ||| Stepping ~*~*~tactically~*~*~ (stealth).
 14326 | Lair:4   | 14326 ||| Stepping ~*~*~tactically~*~*~ (stealth).
 14341 | Lair:4   | Reached skill level 15 in Shields
 14347 | Lair:4   | 14347 ||| INVOKING Heroism.
 14348 | Lair:4   | 14348 ||| INVOKING Finesse.
 14352 | Lair:4   | 14352 ||| Stepping ~*~*~tactically~*~*~ (stealth).
 14410 | Lair:4   | 14410 ||| Stepping ~*~*~tactically~*~*~ (stealth).
 14412 | Lair:4   | 14412 ||| Stepping ~*~*~tactically~*~*~ (stealth).
 14414 | Lair:4   | 14414 ||| Stepping ~*~*~tactically~*~*~ (stealth).
 14416 | Lair:4   | 14416 ||| Stepping ~*~*~tactically~*~*~ (stealth).
 14418 | Lair:4   | 14418 ||| Stepping ~*~*~tactically~*~*~ (stealth).
 14420 | Lair:4   | 14420 ||| Stepping ~*~*~tactically~*~*~ (stealth).
 14421 | Lair:4   | 14421 ||| Stepping ~*~*~tactically~*~*~ (stealth).
 14443 | Lair:4   | Found a broken altar of Ashenzari.
 14474 | Lair:4   | 14474 ||| INVOKING Heroism.
 14506 | Lair:4   | Identified the +2 mace "Ujazas" {vamp, Str+2}
 14529 | Lair:4   | 14529 ||| Stepping ~*~*~tactically~*~*~ (stealth).
 14582 | Lair:4   | 14582 ||| Stepping ~*~*~tactically~*~*~ (stealth).
 14584 | Lair:4   | 14584 ||| Stepping ~*~*~tactically~*~*~ (stealth).
 14585 | Lair:4   | 14585 ||| Stepping ~*~*~tactically~*~*~ (stealth).
 14655 | Lair:4   | 14655 ||| INVOKING Heroism.
 14661 | Lair:4   | 14661 ||| SWAPPING to +1 vampiric demon whip.
 14663 | Lair:4   | Received a gift from Okawaru
 14664 | Lair:4   | 14664 ||| SWAPPING to +5 broad axe of electrocution.
 14681 | Lair:4   | 14681 ||| Stepping ~*~*~tactically~*~*~ (stealth).
 14709 | Lair:4   | Found a viscous altar of Jiyva.
 14710 | Lair:4   | Found a staircase to the Slime Pits.
 14737 | Lair:4   | 14737 ||| INVOKING Heroism.
 14742 | Lair:4   | 14742 ||| SWAPPING to +1 vampiric demon whip.
 14746 | Lair:4   | 14746 ||| SWAPPING to +5 broad axe of electrocution.
 15034 | Lair:4   | 15034 ||| UPGRADING to +4 ring of protection.
 15036 | Lair:4   | 15036 ||| DROPPING ring of willpower.
 15037 | Lair:4   | 15037 ||| READING scroll labelled ZARIMO EMIARI.
 15142 | Lair:5   | Entered Level 5 of the Lair of Beasts
 15201 | Lair:5   | 15201 ||| Stepping ~*~*~tactically~*~*~ (stealth).
 15239 | Lair:5   | 15239 ||| INVOKING Heroism.
 15322 | Lair:5   | Reached skill level 3 in Throwing
 15333 | Lair:5   | Identified the +3 lajatang of the Girdle {freeze, rPois}
                  | (Okawaru gifted it to you on level 5 of the Lair of Beasts)
 15333 | Lair:5   | Received a gift from Okawaru
 15336 | Lair:5   | 15336 ||| INVOKING Heroism.
 15341 | Lair:5   | 15341 ||| Stepping ~*~*~tactically~*~*~ (stealth).
 15355 | Lair:5   | 15355 ||| Stepping ~*~*~tactically~*~*~ (stealth).
 15392 | Lair:5   | Found the +7 captain's cutlass {speed, disarm}
 15416 | Lair:5   | 15416 ||| Stepping ~*~*~tactically~*~*~ (stealth).
 15422 | Lair:5   | 15422 ||| INVOKING Heroism.
 15423 | Lair:5   | 15423 ||| INVOKING Finesse.
 15445 | Lair:5   | 15445 ||| Stepping ~*~*~tactically~*~*~ (stealth).
 15446 | Lair:5   | 15446 ||| Stepping ~*~*~tactically~*~*~ (stealth).
 15533 | Lair:5   | 15533 ||| Stepping ~*~*~tactically~*~*~ (stealth).
 15545 | Lair:5   | Reached XP level 15. HP: 94/94 MP: 22/22
 15551 | Lair:5   | Reached skill level 3 in Dodging
 15572 | Lair:5   | 15572 ||| Stepping ~*~*~tactically~*~*~ (stealth).
 15574 | Lair:5   | 15574 ||| Stepping ~*~*~tactically~*~*~ (hiding).
 15598 | Lair:5   | 15598 ||| Stepping ~*~*~tactically~*~*~ (stealth).
 15790 | Lair:5   | 15790 ||| Stepping ~*~*~tactically~*~*~ (stealth).
 15792 | Lair:5   | 15792 ||| INVOKING Heroism.
 15793 | Lair:5   | 15793 ||| INVOKING Finesse.
 15831 | Lair:5   | 15831 ||| SWAPPING to +1 vampiric demon whip.
 15838 | Lair:5   | 15838 ||| SWAPPING to +5 broad axe of electrocution.
 15960 | Lair:5   | Identified the +1 pair of gloves "Isonn" {rN+} (Okawaru
                  | gifted it to you on level 5 of the Lair of Beasts)
 15960 | Lair:5   | Received a gift from Okawaru
 16309 | Lair:5   | 16309 ||| PLANNING D:1-11
 16309 | Lair:5   | 16309 ||| DROPPING +1 pair of gloves "Isonn" {rN+}.
 16465 | D:11     | Found a staircase to the Orcish Mines.
 16512 | D:11     | 16512 ||| Stepping ~*~*~tactically~*~*~ (stealth).
 16545 | D:11     | 16545 ||| DRINKING 5 potions of curing.
 16545 | D:11     | 16545 ||| (to cure confusion)
 16799 | D:11     | 16799 ||| READING scroll of enchant weapon.
 16799 | D:11     | 16799 ||| ENCHANTING +5 broad axe of electrocution.
 17031 | D:11     | 17031 ||| Stepping ~*~*~tactically~*~*~ (stealth).
 17186 | D:11     | 17186 ||| PLANNING D
 17186 | D:11     | 17186 ||| UPGRADING to amulet of faith.
 17260 | D:12     | 17260 ||| Stepping ~*~*~tactically~*~*~ (stealth).
 17266 | D:12     | 17266 ||| Stepping ~*~*~tactically~*~*~ (stealth).
 17271 | D:12     | 17271 ||| Stepping ~*~*~tactically~*~*~ (stealth).
 17272 | D:12     | 17272 ||| Stepping ~*~*~tactically~*~*~ (stealth).
 17273 | D:12     | 17273 ||| Stepping ~*~*~tactically~*~*~ (stealth).
 17274 | D:12     | 17274 ||| Stepping ~*~*~tactically~*~*~ (stealth).
 17390 | D:12     | 17390 ||| DROPPING +1 flail of venom.
 17391 | D:12     | 17391 ||| DROPPING +2 mace "Ujazas" {vamp, Str+2}.
 17411 | D:12     | 17411 ||| Stepping ~*~*~tactically~*~*~ (hiding).
 17420 | D:12     | 17420 ||| INVOKING Heroism.
 17518 | D:12     | 17518 ||| Stepping ~*~*~tactically~*~*~ (stealth).
 17532 | D:12     | 17532 ||| INVOKING Heroism.
 17646 | D:12     | 17646 ||| FLEEEEING.
 17647 | D:12     | 17647 ||| FLEEEEING.
 17652 | D:12     | 17652 ||| FLEEEEING.
 17653 | D:12     | 17653 ||| FLEEEEING.
 17654 | D:12     | 17654 ||| FLEEEEING.
 17655 | D:12     | 17655 ||| FLEEEEING.
 17738 | D:12     | Reached skill level 15 in Axes
 17744 | D:12     | 17744 ||| Stepping ~*~*~tactically~*~*~ (stealth).
 17745 | D:12     | 17745 ||| Stepping ~*~*~tactically~*~*~ (stealth).
 17747 | D:12     | 17747 ||| Stepping ~*~*~tactically~*~*~ (stealth).
 17752 | D:12     | 17752 ||| Stepping ~*~*~tactically~*~*~ (stealth).
 17827 | D:12     | 17827 ||| Stepping randomly (disturbance).
 17828 | D:12     | 17828 ||| Stepping randomly (disturbance).
 17836 | D:12     | Paralysed by a floating eye for 2 turns
 17841 | D:12     | Paralysed by a floating eye for 2 turns
 17875 | D:12     | 17875 ||| Stepping ~*~*~tactically~*~*~ (hiding).
 18172 | D:12     | 18172 ||| INVOKING Heroism.
 18286 | D:12     | 18286 ||| Stepping ~*~*~tactically~*~*~ (hiding).
 18288 | D:12     | 18288 ||| INVOKING Heroism.
 18290 | D:12     | Received a gift from Okawaru
 18291 | D:12     | Reached skill level 12 in Fighting
 18544 | D:13     | 18544 ||| Stepping ~*~*~tactically~*~*~ (stealth).
 18545 | D:13     | 18545 ||| Stepping ~*~*~tactically~*~*~ (stealth).
 18547 | D:13     | 18547 ||| Stepping ~*~*~tactically~*~*~ (hiding).
 18671 | D:13     | 18671 ||| INVOKING Heroism.
 18869 | D:13     | Noticed Urug
 18870 | D:13     | 18870 ||| Stepping ~*~*~tactically~*~*~ (hiding).
 18874 | D:13     | 18874 ||| INVOKING Heroism.
 18875 | D:13     | 18875 ||| INVOKING Finesse.
 18881 | D:13     | Killed Urug
 18921 | D:13     | 18921 ||| Stepping ~*~*~tactically~*~*~ (stealth).
 18941 | D:13     | 18941 ||| Stepping ~*~*~tactically~*~*~ (hiding).
 18942 | D:13     | 18942 ||| Stepping ~*~*~tactically~*~*~ (hiding).
 18944 | D:13     | 18944 ||| Stepping ~*~*~tactically~*~*~ (hiding).
 18945 | D:13     | 18945 ||| Stepping ~*~*~tactically~*~*~ (hiding).
 19069 | D:13     | Received a gift from Okawaru
 19071 | D:13     | 19071 ||| Stepping ~*~*~tactically~*~*~ (hiding).
 19074 | D:13     | 19074 ||| Stepping ~*~*~tactically~*~*~ (hiding).
 19361 | D:13     | 19361 ||| UPGRADING to +0 pair of gloves of strength.
 19371 | D:13     | 19371 ||| DROPPING +2 pair of gloves of hurling.
 19507 | D:14     | 19507 ||| Stepping ~*~*~tactically~*~*~ (stealth).
 19508 | D:14     | 19508 ||| Stepping ~*~*~tactically~*~*~ (stealth).
 19562 | D:14     | Reached XP level 16. HP: 87/101 MP: 23/23
 19793 | D:14     | 19793 ||| Stepping ~*~*~tactically~*~*~ (hiding).
 19794 | D:14     | 19794 ||| Stepping ~*~*~tactically~*~*~ (hiding).
 19970 | D:14     | Found a gate to the Vaults.
 19972 | D:14     | 19972 ||| INVOKING Heroism.
 19973 | D:14     | 19973 ||| READING 7 scrolls of teleportation.
 20056 | D:14     | Received a gift from Okawaru
 20057 | D:14     | Reached skill level 6 in Throwing
 20248 | D:14     | 20248 ||| Stepping ~*~*~tactically~*~*~ (hiding).
 20249 | D:14     | 20249 ||| Stepping ~*~*~tactically~*~*~ (hiding).
 20477 | D:14     | 20477 ||| READING scroll of enchant weapon.
 20477 | D:14     | 20477 ||| ENCHANTING +6 broad axe of electrocution.
 20510 | D:15     | Entered Level 15 of the Dungeon
 20520 | D:15     | Found a glowing golden altar of the Shining One.
 20586 | D:15     | Found an iron altar of Okawaru.
 20591 | D:15     | 20591 ||| Stepping ~*~*~tactically~*~*~ (stealth).
 20725 | D:15     | 20725 ||| INVOKING Heroism.
 20895 | D:15     | 20895 ||| Stepping ~*~*~tactically~*~*~ (hiding).
 20899 | D:15     | 20899 ||| INVOKING Heroism.
 20918 | D:15     | 20918 ||| INVOKING Heroism.
 20919 | D:15     | Received a gift from Okawaru
 21025 | D:15     | Found a staircase to the Depths.
 21176 | D:15     | 21176 ||| Stepping ~*~*~tactically~*~*~ (hiding).
 21179 | D:15     | 21179 ||| Stepping ~*~*~tactically~*~*~ (hiding).
 21180 | D:15     | 21180 ||| Stepping ~*~*~tactically~*~*~ (hiding).
 21182 | D:15     | 21182 ||| Stepping ~*~*~tactically~*~*~ (hiding).
 21320 | D:15     | 21320 ||| PLANNING ORC
 21320 | D:15     | 21320 ||| DROPPING +2 pair of boots.
 21321 | D:15     | 21321 ||| DROPPING ring of wizardry.
 21432 | Orc:1    | Entered Level 1 of the Orcish Mines
 21444 | Orc:1    | 21444 ||| Stepping ~*~*~tactically~*~*~ (hiding).
 21445 | Orc:1    | 21445 ||| Stepping ~*~*~tactically~*~*~ (hiding).
 21482 | Orc:1    | Found Izxag's Distillery.
 21494 | Orc:1    | 21494 ||| BUYING potion of haste (160 gold).
 21494 | Orc:1    | Bought a potion of haste for 160 gold pieces
 21494 | Orc:1    | 21494 ||| BUYING potion of lignification (48 gold).
 21494 | Orc:1    | Bought a potion of lignification for 48 gold pieces
 21494 | Orc:1    | 21494 ||| BUYING potion of might (64 gold).
 21494 | Orc:1    | Bought a potion of might for 64 gold pieces
 21494 | Orc:1    | 21494 ||| BUYING potion of mutation (128 gold).
 21494 | Orc:1    | Bought a potion of mutation for 128 gold pieces
 21494 | Orc:1    | 21494 ||| BUYING potion of mutation (128 gold).
 21494 | Orc:1    | Bought a potion of mutation for 128 gold pieces
 21494 | Orc:1    | 21494 ||| BUYING potion of resistance (160 gold).
 21494 | Orc:1    | Bought a potion of resistance for 160 gold pieces
 21607 | Orc:1    | Found a radiant altar of Vehumet.
 21807 | Orc:1    | 21807 ||| Stepping ~*~*~tactically~*~*~ (stealth).
 21924 | Orc:2    | Entered Level 2 of the Orcish Mines
 22006 | Orc:2    | Received a gift from Okawaru
 22085 | Orc:2    | 22085 ||| Stepping ~*~*~tactically~*~*~ (stealth).
 22088 | Orc:2    | 22088 ||| Stepping ~*~*~tactically~*~*~ (stealth).
 22104 | Orc:2    | 22104 ||| Stepping ~*~*~tactically~*~*~ (hiding).
 22149 | Orc:2    | Found Piura's Mayhem Merchandise.
 22178 | Orc:2    | 22178 ||| INVOKING Heroism.
 22181 | Orc:2    | 22181 ||| Stepping ~*~*~tactically~*~*~ (stealth).
 22241 | Orc:2    | Found a staircase to the Elven Halls.
 22274 | Orc:2    | 22274 ||| INVOKING Heroism.
 22275 | Orc:2    | 22275 ||| INVOKING Finesse.
 22431 | Orc:2    | Found Mopligis's Antique Weapon Boutique.
 22444 | Orc:2    | Found Plog's Antique Armour Shop.
 22601 | Orc:2    | 22601 ||| Stepping ~*~*~tactically~*~*~ (stealth).
 22602 | Orc:2    | 22602 ||| Stepping ~*~*~tactically~*~*~ (stealth).
 22603 | Orc:2    | 22603 ||| Stepping ~*~*~tactically~*~*~ (stealth).
 22703 | Orc:2    | 22703 ||| Stepping ~*~*~tactically~*~*~ (hiding).
 22813 | Orc:2    | Found Hyiryl's Weapon Boutique.
 22820 | Orc:2    | 22820 ||| BUYING +5 flail of Paper {heavy, *Noise rElec
                  | Will++ rCorr} (614 gold).
 22820 | Orc:2    | Bought the +5 flail of Paper {heavy, *Noise rElec Will++
                  | rCorr} for 614 gold pieces
 22997 | Orc:2    | 22997 ||| INVOKING Heroism.
 23145 | Orc:2    | 23145 ||| INVOKING Heroism.
 23146 | Orc:2    | Found Ceuwku's Assorted Antiques.
 23169 | Orc:2    | 23169 ||| BUYING glowing morningstar (196 gold).
 23169 | Orc:2    | Bought a glowing morningstar for 196 gold pieces
 23169 | Orc:2    | 23169 ||| BUYING pair of glowing boots (210 gold).
 23169 | Orc:2    | Bought a pair of glowing boots for 210 gold pieces
 23169 | Orc:2    | 23169 ||| BUYING pair of heavily runed boots (266 gold).
 23169 | Orc:2    | Bought a pair of heavily runed boots for 266 gold pieces
 23169 | Orc:2    | Identified the +2 pair of boots of Defence {rPois SInv
                  | Stlth+} (You bought it in a shop on level 2 of the Orcish
                  | Mines)
 23169 | Orc:2    | 23169 ||| BUYING potion of curing (84 gold).
 23169 | Orc:2    | Bought a potion of curing for 84 gold pieces
 23169 | Orc:2    | 23169 ||| BUYING potion of heal wounds (140 gold).
 23169 | Orc:2    | Bought a potion of heal wounds for 140 gold pieces
 23169 | Orc:2    | 23169 ||| SHOPLISTING potion of magic (224 gold, have 123).
 23169 | Orc:2    | 23169 ||| PLANNING SWAMP:1-3
 23169 | Orc:2    | 23169 ||| DROPPING +2 pair of boots of rampaging.
 23170 | Orc:2    | 23170 ||| UPGRADING to +2 pair of boots of Defence {rPois
                  | SInv Stlth+}.
 23180 | Orc:2    | 23180 ||| DROPPING +2 pair of boots.
 23335 | Swamp:1  | Entered Level 1 of the Swamp
 23340 | Swamp:1  | Received a gift from Okawaru
 23346 | Swamp:1  | 23346 ||| INVOKING Heroism.
 23358 | Swamp:1  | Noticed Jorgrun
 23359 | Swamp:1  | 23359 ||| INVOKING Finesse.
 23370 | Swamp:1  | Received a gift from Okawaru
 23373 | Swamp:1  | Killed Jorgrun
 23389 | Swamp:1  | 23389 ||| Stepping ~*~*~tactically~*~*~ (stealth).
 23390 | Swamp:1  | 23390 ||| Stepping ~*~*~tactically~*~*~ (stealth).
 23391 | Swamp:1  | 23391 ||| Stepping ~*~*~tactically~*~*~ (hiding).
 23396 | Swamp:1  | Received a gift from Okawaru
 23399 | Swamp:1  | 23399 ||| INVOKING Heroism.
 23415 | Swamp:1  | 23415 ||| INVOKING Heroism.
 23417 | Swamp:1  | 23417 ||| Stepping ~*~*~tactically~*~*~ (hiding).
 23419 | Swamp:1  | 23419 ||| Stepping ~*~*~tactically~*~*~ (hiding).
 23423 | Swamp:1  | 23423 ||| INVOKING Finesse.
 23425 | Swamp:1  | 23425 ||| SWAPPING to +1 vampiric demon whip.
 23433 | Swamp:1  | 23433 ||| SWAPPING to +7 broad axe of electrocution.
 23456 | Swamp:1  | Received a gift from Okawaru
 24022 | Swamp:2  | 24022 ||| INVOKING Heroism.
 24092 | Swamp:2  | 24092 ||| Stepping ~*~*~tactically~*~*~ (hiding).
 24122 | Swamp:2  | 24122 ||| Stepping ~*~*~tactically~*~*~ (hiding).
 24128 | Swamp:2  | 24128 ||| INVOKING Heroism.
 24407 | Swamp:2  | 24407 ||| INVOKING Heroism.
 24410 | Swamp:2  | Received a gift from Okawaru
 24552 | Swamp:3  | 24552 ||| Stepping ~*~*~tactically~*~*~ (hiding).
 24553 | Swamp:3  | 24553 ||| Stepping ~*~*~tactically~*~*~ (hiding).
 24554 | Swamp:3  | 24554 ||| INVOKING Heroism.
 24602 | Swamp:3  | 24602 ||| Stepping ~*~*~tactically~*~*~ (stealth).
 24603 | Swamp:3  | 24603 ||| Stepping ~*~*~tactically~*~*~ (stealth).
 24605 | Swamp:3  | 24605 ||| SWAPPING to +1 vampiric demon whip.
 24610 | Swamp:3  | 24610 ||| SWAPPING to +7 broad axe of electrocution.
 24755 | Swamp:3  | Noticed Nikola
 24756 | Swamp:3  | 24756 ||| INVOKING Heroism.
 24769 | Swamp:3  | Found a frozen archway.
 24769 | Swamp:3  | HP: 16/101 [Nikola/arc of chain lightning (45)]
 24770 | Swamp:3  | 24770 ||| READING 6 scrolls of teleportation.
 24770 | Swamp:3  | HP: 1/101 [Nikola/bolt of lightning (15)]
 24771 | Swamp:3  | 24771 ||| DRINKING 4 potions of heal wounds.
 24772 | Swamp:3  | 24772 ||| DRINKING 3 potions of heal wounds.
 24773 | Swamp:3  | 24773 ||| DRINKING 2 potions of heal wounds.
 24890 | Swamp:3  | 24890 ||| Stepping ~*~*~tactically~*~*~ (stealth).
 24891 | Swamp:3  | 24891 ||| Stepping ~*~*~tactically~*~*~ (stealth).
 24973 | Swamp:3  | 24973 ||| Stepping ~*~*~tactically~*~*~ (stealth).
 24974 | Swamp:3  | 24974 ||| Stepping ~*~*~tactically~*~*~ (stealth).
 24975 | Swamp:3  | 24975 ||| Stepping ~*~*~tactically~*~*~ (stealth).
 24989 | Swamp:3  | 24989 ||| READING scroll of brand weapon.
 24989 | Swamp:3  | 24989 ||| BRANDING +7 broad axe of electrocution.
 25005 | Swamp:3  | 25005 ||| INVOKING Heroism.
 25035 | Swamp:3  | 25035 ||| SWAPPING to +1 vampiric demon whip.
 25043 | Swamp:3  | 25043 ||| SWAPPING to +7 broad axe of freezing.
 25050 | Swamp:3  | 25050 ||| INVOKING Heroism.
 25071 | Swamp:3  | HP: 23/101 [ice statue/bolt of cold (12)]
 25072 | Swamp:3  | 25072 ||| READING 5 scrolls of teleportation.
 25073 | Swamp:3  | 25073 ||| DRINKING potion of heal wounds.
 25318 | Swamp:3  | 25318 ||| INVOKING Heroism.
 25323 | Swamp:3  | 25323 ||| SWAPPING to +1 vampiric demon whip.
 25325 | Swamp:3  | 25325 ||| SWAPPING to +7 broad axe of freezing.
 25346 | Swamp:3  | Killed Nikola
 25347 | Swamp:3  | Reached XP level 17. HP: 88/106 MP: 24/24
 25365 | Swamp:3  | 25365 ||| INVOKING Heroism.
 25642 | Swamp:3  | 25642 ||| READING scroll of enchant weapon.
 25642 | Swamp:3  | 25642 ||| ENCHANTING +7 broad axe of freezing.
 25890 | Swamp:3  | 25890 ||| PLANNING SPIDER:1-3
 25982 | Spider:1 | Entered Level 1 of the Spider Nest
 25983 | Spider:1 | 25983 ||| INVOKING Heroism.
 25991 | Spider:1 | Received a gift from Okawaru
 26028 | Spider:1 | You are sucked into a shaft and drop 1 floor!
 26028 | Spider:2 | Noticed Arachne
 26040 | Spider:2 | 26040 ||| INVOKING Heroism.
 26047 | Spider:2 | Received a gift from Okawaru
 26047 | Spider:2 | HP: 19/108 [demonic crawler (11)]
 26048 | Spider:2 | 26048 ||| READING 5 scrolls of teleportation.
 26048 | Spider:2 | HP: 9/108 [redback (2)]
 26048 | Spider:2 | HP: 2/108 [demonic crawler (6)]
 26049 | Spider:2 | Mangled by a culicivora

Levels and vault maps discovered:
D:1:      dpeg_arrival_pond, layout_basic, serial_rivers,
          chequers_serial_rivers_small_a, chequers_serial_rivers_room_a,
          chequers_serial_rivers_large_b, chequers_serial_rivers_marsh,
          chequers_serial_rivers_micro_b, chequers_serial_rivers_room_a,
          corexii_corridor_pit, minmay_misc_feat_five
D:2:      layout_loops_ring, chequers_serial_rivers_small_3, uniq_jessica
D:3:      gammafunk_wand_slinger, layout_basic, hellmonk_no_cap, uniq_ijyb
D:4:      nicolae_cairo_tiling_large_dashed, layout_basic,
          minmay_temple_entry_stoned_glass
D:5:      layout_basic, uniq_edmund, uniq_eustachio, uniq_sigmund
D:6:      layout_loops_corners, minmay_fractal_squares_gapless_5, uniq_pikel
D:7:      layout_rooms, nicolae_ossuary_entry_plus, gammafunk_ghost_hive,
          solitary_fountain
D:8:      layout_basic
D:9:      layout_small_grid, gammafunk_temple_overflow_claw, minmay_the_grid_2x2
          [minmay_the_grid_minigrid_large, minmay_the_grid_minigrid_small,
          minmay_the_grid_garden, minmay_the_grid_prize_four_corners_diamond_a]
D:10:     layout_roguey, grunt_lair_entry_orc_guard_hut,
          gammafunk_ghost_abyssal_escape, grunt_livestock, uniq_sonja,
          uniq_harold
D:11:     layout_long_grid, zombieorc1_lemuel
D:12:     layout_roguey, serial_curves, eino_curves_03, eino_curves_02,
          onia_ninara_cookie
D:13:     layout_cave_pools, uniq_urug
D:14:     layout_loops_corners, david_vaults_1, nicolae_cairo_tiling_large
D:15:     grunt_enter_depths_hoard, layout_basic, okawaru_metal_pillars_3,
          dreamdust_wishing_well, st_stairs_14, tso_metal_star
Temple:   hellmonk_temple_of_storms
Lair:1:   layout_layer_cave, st_stairs_9, minmay_shattered_shrine,
          lemuel_fruit_fields
Lair:2:   layout_regular_city
Lair:3:   beargit_carnivore_pack, layout_misc_corridors,
          nicolae_swamp_entry_splash_gauntlet, spider_nest_entry_funnel_web,
          lemuel_fruit_tree, uniq_nergalle, uniq_snorg, uniq_amaemon
Lair:4:   layout_roguey, slime_entry_1, basic_altar
Lair:5:   gammafunk_lair_ancient_temple, layout_layer_cave,
          infiniplex_staircase_pool, serial_bayou_shore_a
Swamp:1:  layout_basic_swamp, hangedman_swamp_ruin_wall, hangedman_swamp_pad,
          uniq_jorgrun
Swamp:2:  layout_falls_marsh, infiniplex_staircase_pool_2
Swamp:3:  layout_basic_swamp, portal_ice_cave_entry_ice_statue_two,
          evilmike_swamp_ruin_house_5, uniq_nikola
Spider:1: layout_spider_delve, drop_trap, nicolae_spider_some_kinda_spiderbox
Spider:2: layout_spider_delve, worms_lemuel, uniq_aizul, uniq_arachne
Orc:1:    layout_caves, basic_altar, serial_shops, shop
Orc:2:    grunt_orc_community_town_hall, layout_caves,
          grunt_orc_community_big_house_2, grunt_orc_community_big_house_1,
          grunt_orc_community_house_2, grunt_orc_community_house_1,
          grunt_orc_community_house_2, grunt_orc_community_house_2,
          grunt_orc_community_house_3, minmay_shop_mayhem

Skill      XL: |  1  2  3  4  5  6  7  8  9 10 11 12 13 14 15 16 17 |
---------------+----------------------------------------------------+-----
Axes           | 2 3 4 5 6 7 8 9 10 11 12 14 15 16 17 | 17.0
Fighting       | 4 5 6 7 8 9 10 11 12 13 | 13.0
Dodging        | 1 2 3 |  3.1
Throwing       | 1 4 5 7 |  7.0
Armour         | 5 6 7 8 9 10 11 | 11.0
Shields        | 6 11 13 14 15 16 17 | 17.1
Invocations    | 4 5 10 | 10.0

Action                     |  1- 3 |  4- 6 |  7- 9 | 10-12 | 13-15 | 16-18 || total
---------------------------+-------+-------+-------+-------+-------+-------++-------
  Melee: War axe           |    66 |   119 |   321 |       |       |       ||   506
         Broad axe         |       |       |    34 |   406 |   947 |   580 ||  1967
         Demon whip        |       |       |       |       |    18 |    19 ||    37
  Throw: Boomerang         |       |       |    16 |   111 |   193 |       ||   320
         Javelin           |       |       |       |       |    15 |    89 ||   104
 Invoke: Heroism           |       |       |       |    15 |    26 |    22 ||    63
         Finesse           |       |       |       |       |     8 |     3 ||    11
    Use: Scroll            |     4 |     4 |    12 |     7 |    10 |     7 ||    44
         Potion            |       |     1 |     2 |     4 |     1 |     4 ||    12
   Stab: Distracted        |       |       |       |       |       |     2 ||     2
 Armour: Scale mail        |    24 |    28 |       |       |       |       ||    52
         Chain mail        |       |    23 |    61 |       |       |       ||    84
         Plate armour      |       |       |   155 |   207 |   406 |   287 ||  1055
  Dodge: Dodged            |    29 |    68 |    80 |    68 |   283 |   206 ||   734
  Block: Buckler           |    14 |    27 |    53 |       |       |       ||    94
         Tower shield      |       |       |    18 |   371 |   789 |   494 ||  1672

Table legend:
 A = Non-vault XP
 B = Vault XP
 C = Vault XP percentage of total XP
 D = Non-vault monster count
 E = Vault monster count
 F = Vault count percentage of total count
                 A         B        C        D         E       F
            +---------+---------+-------+---------+---------+-------
      Total |  137213 |   57180 |  29.4 |     547 |     236 |  30.1
            +---------+---------+-------+---------+---------+-------
        D:1 |      12 |       0 |   0.0 |       7 |       0 |   0.0
        D:2 |      46 |      37 |  44.6 |      18 |       1 |   5.3
        D:3 |     155 |     153 |  49.7 |      21 |       4 |  16.0
        D:4 |     770 |       0 |   0.0 |      28 |       0 |   0.0
        D:5 |     375 |     555 |  59.7 |      12 |       3 |  20.0
        D:6 |     771 |     984 |  56.1 |      15 |       4 |  21.1
        D:7 |     351 |       0 |   0.0 |      10 |       0 |   0.0
        D:8 |    1274 |       0 |   0.0 |      31 |       0 |   0.0
        D:9 |    2039 |    5734 |  73.8 |      13 |      19 |  59.4
       D:10 |    3781 |    3177 |  45.7 |      13 |      11 |  45.8
       D:11 |    4352 |     751 |  14.7 |      16 |      27 |  62.8
       D:12 |   11483 |    7223 |  38.6 |      23 |      19 |  45.2
       D:13 |    6764 |     777 |  10.3 |      18 |       1 |   5.3
       D:14 |    6910 |    2728 |  28.3 |      13 |       5 |  27.8
       D:15 |    5191 |    2463 |  32.2 |      12 |       4 |  25.0
     Lair:1 |    8826 |    5768 |  39.5 |      31 |      14 |  31.1
     Lair:2 |    6017 |       0 |   0.0 |      28 |       0 |   0.0
     Lair:3 |   12446 |    6659 |  34.9 |      42 |      14 |  25.0
     Lair:4 |   11099 |       0 |   0.0 |      29 |       0 |   0.0
     Lair:5 |   15117 |    9079 |  37.5 |      46 |      21 |  31.3
    Swamp:1 |    7924 |    1722 |  17.9 |      16 |       1 |   5.9
    Swamp:2 |    6588 |       0 |   0.0 |      15 |       0 |   0.0
    Swamp:3 |   12166 |    3204 |  20.8 |      20 |       3 |  13.0
   Spider:1 |    4944 |       0 |   0.0 |       9 |       0 |   0.0
   Spider:2 |    1859 |    1586 |  46.0 |       5 |       2 |  28.6
      Orc:1 |    1869 |       0 |   0.0 |      11 |       0 |   0.0
      Orc:2 |    4084 |    4560 |  52.8 |      45 |      63 |  58.3
    Ossuary |       0 |      20 | 100.0 |       0 |      20 | 100.0
            +---------+---------+-------+---------+---------+-------
